 Dungeon Crawl Stone Soup version 0.24.0-13-gcf9b3192b9 (webtiles) character file.

Game seed: 14066255494771380000, levelgen mode: deterministic

195 Metae the Bolt Thrower (level 5, -2/50 HPs)
             Began as a Deep Dwarf Hunter on Nov 8, 2019.
             Slain by a goblin (3 damage)
             ... led by Robin
             ... on level 2 of the Dungeon.
             The game lasted 00:06:47 (1264 turns).

Metae the Bolt Thrower (Deep Dwarf Hunter)          Turns: 1264, Time: 00:06:48

Health: -2/50      AC:  4    Str: 16    XL:     5   Next: 45%
Magic:  5/5        EV: 12    Int: 12    God:
Gold:   41         SH:  0    Dex: 13    Spells: 4/4 levels left

rFire    . . .     SeeInvis .   b - +0 short sword
rCold    . . .     Gourm    .   (no shield)
rNeg     . . .     Faith    .   c - +0 leather armour
rPois    .         Spirit   .   l - +0 helmet
rElec    .         Reflect  .   (no cloak)
rCorr    .         Harm     .   (no gloves)
MR       .....                  (no boots)
Stlth    ..........             (no amulet)
HPRegen  0.00/turn              i - ring of attention (curse)
MPRegen  0.09/turn              (no ring)

@: non-regenerating
A: damage resistance, heal wounds, sense surroundings 1, no regeneration
a: Heal Wounds


You were on level 2 of the Dungeon.
You were not hungry.

You visited 1 branch of the dungeon, and saw 2 of its levels.

You collected 41 gold pieces.

Inventory:

Hand Weapons
 a - a +1 hand crossbow
 b - a +0 short sword (weapon)
 h - a +0 short sword
Missiles
 d - 22 bolts
Armour
 c - a +0 leather armour (worn)
 l - a +0 helmet (worn)
Jewellery
 i - a cursed ring of attention (left hand)
Scrolls
 k - a scroll of remove curse {unknown}
 m - a scroll of enchant armour {unknown}
Potions
 e - a potion of cancellation {unknown}
 j - a potion of curing
 n - a potion of agility {unknown}
 p - a potion of degeneration {unknown}
Comestibles
 f - 2 rations
 o - 2 chunks of flesh


   Skills:
 + Level 3.9 Fighting
 + Level 6.1 Crossbows
 - Level 2.1 Dodging
 - Level 1.2 Stealth


You had 4 spell levels left.
You didn't know any spells.
Your spell library was empty.

Dungeon Overview and Level Annotations

Branches:
Dungeon (2/15)

Altars:

Annotations:
D:2 Robin


Innate Abilities, Weirdness & Mutations

You are resistant to damage.
You can heal yourself by infusing magical energy.
You passively map a small area around you.
You do not regenerate.


Message History

* * * LOW HITPOINT WARNING * * *
The hobgoblin barely misses you.
Robin says, "Kneel, worm!"
Robin roars a battlecry!
The hobgoblin goes into a battle-frenzy!
You hear a shout!
You hit the hobgoblin.
You kill the hobgoblin!
The adder bites you.
* * * LOW HITPOINT WARNING * * *
The adder closely misses you.
You see here an uncursed ring of wizardry.
Robin throws the goblin at you! The adder bites you.
* * * LOW HITPOINT WARNING * * *
You completely miss the goblin. The goblin hits you but does no damage.
The adder barely misses you.
You closely miss the goblin.
A leopard gecko comes into view.
The adder barely misses you. The goblin hits you.
You die...

#. * , , , # ####### * #
##.>...# * * #>
#..S...#♣ * ,, * ,
#..####.# , , ,
#..#**#.# * * ......##.#
,,
..........###########..
#..(.......g...S@g......
...........###########.l
#.###.#.#.## *
...g..#.#. # . . #. ,
g.# .#*#. * ### #. #. ,
, #. *,


You could see Robin, an adder, a leopard gecko (wandering) and a goblin.

Vanquished Creatures
  Sigmund (D:2)
  An adder (D:2)
  A giant cockroach (D:1)
  11 goblins
  9 hobgoblins
  3 bats (D:1)
  2 frilled lizards (D:1)
  8 kobolds
  3 rats
39 creatures vanquished.

Notes
Turn   | Place    | Note
-------+----------+-------------------------------------------
     0 | D:1      | Metae the Deep Dwarf Hunter began the quest for the Orb.
     0 | D:1      | Reached XP level 1. HP: 19/19 MP: 1/1
   250 | D:1      | Reached XP level 2. HP: 26/26 MP: 2/2
  1093 | D:2      | Noticed Sigmund
  1102 | D:2      | Killed Sigmund
  1102 | D:2      | Reached skill level 6 in Crossbows
  1102 | D:2      | Reached XP level 3. HP: 36/36 MP: 3/3
  1102 | D:2      | Reached XP level 4. HP: 44/44 MP: 4/4
  1102 | D:2      | Reached XP level 5. HP: 50/50 MP: 5/5
  1192 | D:2      | Noticed Robin
  1262 | D:2      | HP: 1/50 [adder (2)]
  1264 | D:2      | Slain by a goblin

Levels and vault maps discovered:
D:1:      nicolae_arrival_washed_ashore, layout_basic, roderic_serpentine_path,
          grunt_decor_fettered
D:2:      layout_loops_ring, moated_statue, fedhas_altar_fruit_tree, uniq_robin,
          uniq_sigmund

Skill      XL: |  1  2 |
---------------+-------+-----
Fighting       | 2 3 |  3.9
Crossbows      | 6 |  6.1
Dodging        | |  2.1
Stealth        | |  1.2

Action                   |  1- 3 |  4- 6 || total
-------------------------+-------+-------++-------
Melee: Short sword       |     2 |    28 ||    30
       Hand crossbow     |       |     8 ||     8
 Fire: Hand crossbow     |    61 |    18 ||    79
  Use: Scroll            |       |     1 ||     1
       Potion            |       |     1 ||     1
  Eat: Chunk             |       |     1 ||     1
Armor: Leather armour    |     9 |    24 ||    33
Dodge: Dodged            |    17 |    53 ||    70
